PA
YELLOWKNIFE DRAGONBLOOD @ NEBRASKA PLAINSMEN
09/01/2027
 
TOP OF THE 1ST
Yellowknife Dragonblood batting - Pitching for Nebraska Plainsmen : RHP Gabriel Escobar
Pitching: RHP Gabriel Escobar
Batting: RHB Sergio Peña 0-0: Swinging Strike
0-1: Ball
1-1: Foul Ball, location: 2F
1-2: Ball
2-2: Foul Ball, location: 2F
2-2: Ball
3-2: Strikes out looking
Batting: SHB Miguel Herrera 0-0: Called Strike
0-1: Swinging Strike
0-2: Ball
1-2: Ball
2-2: Foul Ball, location: 2F
2-2: Foul Ball, location: 2F
2-2: Ball
3-2: Ground out 4-3 (Groundball, 4S)
Batting: RHB José García 0-0: Fly out, F8 (Flyball, 8LM)
Top of the 1st over - 0 run(s), 0 hit(s), 0 error(s), 0 left on base; Yellowknife 0 - Nebraska 0
BOTTOM OF THE 1ST
Nebraska Plainsmen batting - Pitching for Yellowknife Dragonblood : RHP Lesedi Danjuma
Pitching: RHP Lesedi Danjuma
Batting: SHB Tony Gutiérrez 0-0: Ball
1-0: SINGLE (Line Drive, 78S)
Batting: LHB Gilberto Moreno 0-0: Called Strike
0-1: Ball
1-1: Ball
2-1: Ball
3-1: Base on Balls
Tony Gutiérrez to second
Batting: LHB Lance Antle 0-0: DOUBLE (Line Drive, 9LM)
Tony Gutiérrez scores
Gilberto Moreno to third
Batting: SHB Keyveat Postell 0-0: Ball
1-0: SINGLE (Line Drive, 7S)
Gilberto Moreno scores
Lance Antle to third
Batting: LHB Pedro García 0-0: Called Strike
0-1: Swinging Strike
0-2: Ball
1-2: Foul Ball, location: 2F
1-2: Ball
2-2: Fly out, F7 (Flyball, 78S)
Batting: RHB Harith Karim 0-0: Called Strike
0-1: Ball
1-1: Ball
2-1: Foul Ball, location: 2F
2-2: Strikes out swinging
Batting: SHB José Ángel 0-0: Ball
1-0: Ball
2-0: Ball
3-0: Base on Balls
Keyveat Postell to second
Batting: SHB Bill Bambridge 0-0: Swinging Strike
0-1: Foul Ball, location: 2F
0-2: Ball
1-2: Strikes out swinging
Bottom of the 1st over - 2 run(s), 3 hit(s), 0 error(s), 3 left on base; Yellowknife 0 - Nebraska 2
TOP OF THE 2ND
Yellowknife Dragonblood batting - Pitching for Nebraska Plainsmen : RHP Gabriel Escobar
Batting: SHB Peer van Lochem 0-0: Foul Ball, location: 2F
0-1: Called Strike
0-2: Foul Ball, location: 2F
0-2: Ball
1-2: Ball
2-2: Strikes out looking
Batting: LHB Ashley Thachi 0-0: Ball
1-0: Called Strike
1-1: Swinging Strike
1-2: Strikes out swinging
Batting: RHB Keith Kamen 0-0: Ball
1-0: Fly out, F7 (Flyball, 7)
Top of the 2nd over - 0 run(s), 0 hit(s), 0 error(s), 0 left on base; Yellowknife 0 - Nebraska 2
BOTTOM OF THE 2ND
Nebraska Plainsmen batting - Pitching for Yellowknife Dragonblood : RHP Lesedi Danjuma
Batting: LHB Michael Cochran 0-0: Swinging Strike
0-1: Bunt for hit - play at first, batter safe!
Batting: SHB Tony Gutiérrez 0-0: Ball
1-0: Reached on error, E4 (Groundball, 4D)
Michael Cochran to third
Batting: LHB Gilberto Moreno 0-0: Foul Ball, location: 2F
0-1: Ball
1-1: Fly out, F9 (Flyball, 9LM)
Runner from 3rd tags up, SCORES, no throw
Batting: LHB Lance Antle 0-0: Ball
1-0: Called Strike
1-1: Ball
2-1: Foul Ball, location: 2F
2-2: Foul Ball, location: 2F
2-2: Ball
3-2: Foul Ball, location: 2F
3-2: Base on Balls
Batting: SHB Keyveat Postell 0-0: Ball
Tony Gutiérrez steals 3rd base
Lance Antle to second
1-0: Called Strike
1-1: Ball
2-1: Foul Ball, location: 2F
2-2: Foul Ball, location: 2F
2-2: Fly out, F6 (Line Drive, 56D)
Batting: LHB Pedro García 0-0: Ball
1-0: DOUBLE (Line Drive, 7LM)
Tony Gutiérrez scores
Lance Antle scores
Batting: RHB Harith Karim 0-0: Fly out, F8 (Flyball, 8LM)
Bottom of the 2nd over - 3 run(s), 2 hit(s), 1 error(s), 1 left on base; Yellowknife 0 - Nebraska 5
TOP OF THE 3RD
Yellowknife Dragonblood batting - Pitching for Nebraska Plainsmen : RHP Gabriel Escobar
Batting: RHB Manny García 0-0: Ball
1-0: Ground out 5-3 (Groundball, 5)
Batting: RHB Mareka Naidoo 0-0: Foul Ball, location: 2F
0-1: Ball
1-1: Ground out 1-3 (Groundball, 15)
Batting: RHB Norberto Juárez 0-0: Called Strike
0-1: Ball
1-1: Ground out 5-3 (Groundball, 56)
Top of the 3rd over - 0 run(s), 0 hit(s), 0 error(s), 0 left on base; Yellowknife 0 - Nebraska 5
BOTTOM OF THE 3RD
Nebraska Plainsmen batting - Pitching for Yellowknife Dragonblood : RHP Lesedi Danjuma
Batting: SHB José Ángel 0-0: Called Strike
0-1: Foul Ball, location: 2F
0-2: Ball
1-2: Ball
2-2: Foul Ball, location: 2F
2-2: Foul Ball, location: 2F
2-2: Foul Ball, location: 2F
2-2: Foul Ball, location: 2F
2-2: Foul Ball, location: 2F
2-2: SINGLE (Groundball, 56D)
Batting: SHB Bill Bambridge 0-0: Ground out 4-3 (Groundball, 4M)
José Ángel to second
Batting: LHB Michael Cochran 0-0: Called Strike
0-1: Ball
1-1: Ball
José Ángel steals 3rd base
2-1: Called Strike
2-2: Ball
3-2: Fly out, F4 (Popup, 4M)
Batting: SHB Tony Gutiérrez 0-0: Called Strike
0-1: Ball
1-1: Ball
2-1: Called Strike
2-2: Ball
3-2: Foul Ball, location: 2F
3-2: Foul Ball, location: 2F
3-2: Ground out U3 (Groundball, 3L)
Bottom of the 3rd over - 0 run(s), 1 hit(s), 0 error(s), 1 left on base; Yellowknife 0 - Nebraska 5
TOP OF THE 4TH
Yellowknife Dragonblood batting - Pitching for Nebraska Plainsmen : RHP Gabriel Escobar
Batting: RHB Sergio Peña 0-0: Foul Ball, location: 2F
0-1: Swinging Strike
0-2: Foul Ball, location: 2F
0-2: Ball
1-2: Ground out 3-1 (Groundball, 23)
Batting: SHB Miguel Herrera 0-0: Called Strike
0-1: Ball
1-1: Called Strike
1-2: Ball
2-2: Foul Ball, location: 2F
2-2: Ball
3-2: Foul Ball, location: 2F
3-2: Foul Ball, location: 2F
3-2: Base on Balls
Batting: RHB José García 0-0: Called Strike
0-1: Ball
1-1: Swinging Strike
1-2: Foul Ball, location: 2F
1-2: Ball
2-2: Fly out, F8 (Line Drive, 8LD)
Batting: SHB Peer van Lochem 0-0: Fly out, F7 (Flyball, 7D)
Top of the 4th over - 0 run(s), 0 hit(s), 0 error(s), 1 left on base; Yellowknife 0 - Nebraska 5
BOTTOM OF THE 4TH
Nebraska Plainsmen batting - Pitching for Yellowknife Dragonblood : RHP Lesedi Danjuma
Batting: LHB Gilberto Moreno 0-0: Ball
1-0: Ball
2-0: Foul Ball, location: 2F
2-1: Called Strike
2-2: Foul Ball, location: 2F
2-2: Foul Ball, location: 2F
2-2: Foul Ball, location: 2F
2-2: Strikes out swinging
Batting: LHB Lance Antle 0-0: Ball
1-0: Called Strike
1-1: Ball
2-1: SINGLE (Line Drive, 78M)
Pitching: RHP James Stanton
Batting: SHB Keyveat Postell 0-0: Called Strike
Lance Antle steals 2nd base
0-1: Ball
1-1: Fly out, F3 (Popup, 34)
Batting: LHB Pedro García 0-0: Called Strike
0-1: Ball
1-1: SINGLE (Flyball, 7S)
Lance Antle to third
Runner from 3rd tries for Home, SAFE, no throw
Batting: RHB Harith Karim 0-0: Ball
1-0: Fly out, F7 (Flyball, 7LS)
Bottom of the 4th over - 1 run(s), 2 hit(s), 0 error(s), 1 left on base; Yellowknife 0 - Nebraska 6
TOP OF THE 5TH
Yellowknife Dragonblood batting - Pitching for Nebraska Plainsmen : RHP Gabriel Escobar
Batting: LHB Ashley Thachi 0-0: Called Strike
0-1: Ground out U3 (Groundball, 3S)
Batting: RHB Keith Kamen 0-0: Ball
1-0: Ball
2-0: Ball
3-0: Called Strike
3-1: SOLO HOME RUN (Flyball, 8RXD), Distance : 448 ft
Batting: RHB Manny García 0-0: Ball
1-0: Swinging Strike
1-1: Ground out 4-3 (Groundball, 4)
Batting: RHB Mareka Naidoo 0-0: Ball
1-0: Foul Ball, location: 2F
1-1: Ball
2-1: Ball
3-1: Base on Balls
Batting: RHB Norberto Juárez 0-0: Called Strike
0-1: Ball
1-1: Foul Ball, location: 2F
1-2: Foul Ball, location: 2F
1-2: Strikes out swinging, 2-3 out at first.
Top of the 5th over - 1 run(s), 1 hit(s), 0 error(s), 1 left on base; Yellowknife 1 - Nebraska 6
BOTTOM OF THE 5TH
Nebraska Plainsmen batting - Pitching for Yellowknife Dragonblood : RHP James Stanton
Batting: SHB José Ángel 0-0: Called Strike
0-1: Ball
1-1: Foul Ball, location: 2F
1-2: Strikes out swinging
Batting: SHB Bill Bambridge 0-0: Foul Ball, location: 2F
0-1: Foul Ball, location: 2F
0-2: Ball
1-2: Ball
2-2: SINGLE (Line Drive, 8LS)
Batting: LHB Michael Cochran 0-0: Ball
1-0: Ball
2-0: Fielders Choice at 2nd, 3-6 (Groundball, 3)
Batting: SHB Tony Gutiérrez 0-0: Ball
1-0: Ball
2-0: Ball
3-0: Base on Balls
Michael Cochran to second
Batting: LHB Gilberto Moreno 0-0: Called Strike
0-1: Ball
1-1: Ball
2-1: Foul Ball, location: 2F
2-2: Strikes out swinging
Bottom of the 5th over - 0 run(s), 1 hit(s), 0 error(s), 2 left on base; Yellowknife 1 - Nebraska 6
TOP OF THE 6TH
Yellowknife Dragonblood batting - Pitching for Nebraska Plainsmen : RHP Gabriel Escobar
Batting: RHB Sergio Peña 0-0: Called Strike
0-1: Ball
1-1: Ball
2-1: Ground out 6-3 (Groundball, 6)
Batting: SHB Miguel Herrera 0-0: Ball
1-0: SINGLE (Groundball, 6MD)
Batting: RHB José García 0-0: Called Strike
0-1: SINGLE (Line Drive, 56)
Miguel Herrera to second
Batting: SHB Peer van Lochem 0-0: Called Strike
0-1: Fly out, F9 (Flyball, 9)
Batting: LHB Ashley Thachi 0-0: Fly out, F7 (Line Drive, 78M)
Top of the 6th over - 0 run(s), 2 hit(s), 0 error(s), 2 left on base; Yellowknife 1 - Nebraska 6
BOTTOM OF THE 6TH
Nebraska Plainsmen batting - Pitching for Yellowknife Dragonblood : RHP James Stanton
Batting: LHB Lance Antle 0-0: Ball
1-0: Ground out 3-1 (Groundball, 34)
Batting: SHB Keyveat Postell 0-0: Called Strike
0-1: Ground out 1-3 (Groundball, 15)
Batting: LHB Pedro García 0-0: Foul Ball, location: 2F
0-1: Ball
1-1: Swinging Strike
1-2: Foul Ball, location: 2F
1-2: Ball
2-2: Fly out, F7 (Flyball, 7S)
Bottom of the 6th over - 0 run(s), 0 hit(s), 0 error(s), 0 left on base; Yellowknife 1 - Nebraska 6
TOP OF THE 7TH
Yellowknife Dragonblood batting - Pitching for Nebraska Plainsmen : RHP Gabriel Escobar
Batting: RHB Keith Kamen 0-0: Ball
1-0: Ball
2-0: SINGLE (Groundball, 15S) (infield hit)
Batting: RHB Manny García 0-0: Foul Ball, location: 2F
0-1: Ball
1-1: SINGLE (Line Drive, 8LS)
Keith Kamen to second
Batting: RHB Mareka Naidoo 0-0: SINGLE (Line Drive, 6MD)
Keith Kamen to third
Manny García to second
Batting: RHB Norberto Juárez 0-0: Fly out, F6 (Line Drive, 6)
Lined into DP, 6-4 (Line Drive, 6)
Batting: RHB Sergio Peña 0-0: Swinging Strike
0-1: Ball
1-1: Foul Ball, location: 2F
1-2: SINGLE (Line Drive, 7LS)
Keith Kamen scores
Mareka Naidoo to second
Batting: SHB Miguel Herrera 0-0: 3-RUN HOME RUN (Flyball, 7LD), Distance : 367 ft
Batting: RHB José García 0-0: Ball
1-0: Ground out 5-3 (Groundball, 56S)
Top of the 7th over - 4 run(s), 5 hit(s), 0 error(s), 0 left on base; Yellowknife 5 - Nebraska 6
BOTTOM OF THE 7TH
Nebraska Plainsmen batting - Pitching for Yellowknife Dragonblood : RHP James Stanton
Batting: RHB Harith Karim 0-0: Ball
1-0: Foul Ball, location: 2F
1-1: Ball
2-1: Called Strike
2-2: Ball
3-2: DOUBLE (Line Drive, 7LM)
Batting: SHB José Ángel 0-0: Intentional Walk
Pitching: RHP Pak Dong Hyeon
Pinch Hitting: LHB Josh Platt 0-0: Called Strike
0-1: DOUBLE (Line Drive, 78D)
Harith Karim scores
José Ángel to third
Runner from 3rd tries for Home, SAFE, no throw
Batting: LHB Michael Cochran 0-0: Ball
1-0: Ball
2-0: Ball
3-0: Called Strike
3-1: Sac Bunt - play at first, batter OUT! 1-3
Josh Platt to third
Batting: SHB Tony Gutiérrez 0-0: Ball
1-0: Called Strike
1-1: SINGLE (Groundball, 34D)
Josh Platt scores
Batting: LHB Gilberto Moreno 0-0: Called Strike
0-1: Swinging Strike
0-2: Ball
1-2: Foul Ball, location: 2F
1-2: Fly out, F6 (Line Drive, 6)
Batting: LHB Lance Antle 0-0: Ball
1-0: Ball
2-0: Reached on error, E6 (Groundball, 6)
Tony Gutiérrez to second
Batting: SHB Keyveat Postell 0-0: Ball
1-0: Ground out 3-1 (Groundball, 34S)
Bottom of the 7th over - 3 run(s), 3 hit(s), 1 error(s), 2 left on base; Yellowknife 5 - Nebraska 9
TOP OF THE 8TH
Yellowknife Dragonblood batting - Pitching for Nebraska Plainsmen : RHP Gabriel Escobar
Now at 3B: José Bravo
Batting: SHB Peer van Lochem 0-0: Called Strike
0-1: Ball
1-1: Fly out, F8 (Flyball, 8LS)
Batting: LHB Ashley Thachi 0-0: Ball
1-0: TRIPLE (Line Drive, 78M)
Batting: RHB Keith Kamen 0-0: Called Strike
0-1: Fly out, F9 (Flyball, 9LSF)
Runner from 3rd tags up, SCORES, no throw
Batting: RHB Manny García 0-0: Swinging Strike
0-1: Fly out, F6 (Line Drive, 6)
Top of the 8th over - 1 run(s), 1 hit(s), 0 error(s), 0 left on base; Yellowknife 6 - Nebraska 9
BOTTOM OF THE 8TH
Nebraska Plainsmen batting - Pitching for Yellowknife Dragonblood : RHP Pak Dong Hyeon
Batting: LHB Pedro García 0-0: Swinging Strike
0-1: Called Strike
0-2: Foul Ball, location: 2F
0-2: SINGLE (Groundball, 6D)
Batting: RHB Harith Karim 0-0: Bunted foul
0-1: Sac Bunt - play at first, batter OUT! 1-4
Pedro García to second
Batting: SHB José Ángel 0-0: Intentional Walk
Batting: RHB José Bravo 0-0: Called Strike
Pedro García steals 3rd base
José Ángel to second
0-1: SINGLE (Groundball, 6D)
Pedro García scores
José Ángel to third
Runner from 3rd tries for Home, SAFE, no throw
Pitching: LHP Roberto Muñóz
Batting: LHB Michael Cochran 0-0: Called Strike
0-1: Swinging Strike
0-2: Foul Ball, location: 2F
0-2: Ball
1-2: Strikes out swinging
Batting: SHB Tony Gutiérrez 0-0: Ball
1-0: Ball
2-0: Ball
3-0: Called Strike
3-1: Base on Balls
José Bravo to second
Batting: LHB Gilberto Moreno 0-0: Called Strike
0-1: Ball
1-1: Ball
2-1: Ball
3-1: Swinging Strike
3-2: Foul Ball, location: 2F
3-2: Ground out 4-3 (Groundball, 4)
Bottom of the 8th over - 2 run(s), 2 hit(s), 0 error(s), 2 left on base; Yellowknife 6 - Nebraska 11
TOP OF THE 9TH
Yellowknife Dragonblood batting - Pitching for Nebraska Plainsmen : RHP Gabriel Escobar
Pitching: LHP Jim Unknown
Now at C: José Muñóz
Now in LF: Jen-djieh Cheung
Batting: RHB Mareka Naidoo 0-0: Ball
1-0: Ball
2-0: Called Strike
2-1: Foul Ball, location: 2F
2-2: Ball
3-2: Strikes out swinging
Batting: RHB Norberto Juárez 0-0: Foul Ball, location: 2F
0-1: Foul Ball, location: 2F
0-2: Foul Ball, location: 2F
0-2: Fly out, F9 (Flyball, 89XD)
Batting: RHB Sergio Peña 0-0: Ball
1-0: Ball
2-0: Foul Ball, location: 2F
2-1: Called Strike
2-2: Foul Ball, location: 2F
2-2: Strikes out swinging
Top of the 9th over - 0 run(s), 0 hit(s), 0 error(s), 0 left on base; Yellowknife 6 - Nebraska 11
Saturday, May 26th, 2018 - OOTP Baseball 17.12 Build 75